[Event "AUT-ch U16-Open 2025"]
[Site "Fuerstenfeld"]
[Date "2025.04.15"]
[Round "4.1"]
[White "Benedikt, Noah"]
[Black "Stickler, Florentin"]
[Result "1-0"]
[Annotator "ChessBase"]
[ECO "C93"]
[WhiteElo "1976"]
[BlackElo "2189"]
[PlyCount "91"]
[EventDate "2025.04.12"]
[EventType "swiss"]
[EventCountry "AUT"]
[SourceTitle "playchess.com"]
[Source "ChessBase"]
[SourceQuality "1"]
[TimeControl "5400+30"]

1. e4 e5 2. Nf3 Nc6 3. Bb5 a6 4. Ba4 Nf6 5. O-O Be7 6. Re1 b5 7. Bb3 d6 8. c3 O-O 9. h3 Bb7 10. d4 Re8 11. Ng5 Rf8 12. Nf3 h6 13. Nbd2 Re8 14. Nf1 Bf8 15. Ng3 exd4 16. cxd4 d5 17. e5 Ne4 18. Bc2 Nxg3 19. fxg3 Nb4 20. Bb1 c5 21. a3 Nc6 22. Qd3 g6 23. e6 f5 24. g4 Qf6 25. gxf5 Nxd4 26. Nxd4 cxd4 27. Qg3 Bg7 28. Qxg6 Qxg6 29. fxg6 Rac8 30. Bf4 d3 31. Bxd3 Bxb2 32. Rad1 Rc6 33. Bxh6 Rcxe6 34. Rxe6 Rxe6 35. Rf1 Bd4+ 36. Kh2 Bc5 37. Rf7 Bc8 38. Rg7+ Kh8 39. Rh7+ Kg8 40. g7 Rxh6 41. Rxh6 Bb7 42. Rh8+ Kxg7 43. Rh7+ Kf8 44. Rxb7 Bxa3 45. Ra7 Bd6+ 46. g3 1-0

[Event "AUT-ch U16-Open 2025"]
[Site "Fuerstenfeld"]
[Date "2025.04.15"]
[Round "4.2"]
[White "Prober, Raphael"]
[Black "Squasi, Ernesto"]
[Result "1/2-1/2"]
[Annotator "NA"]
[ECO "B41"]
[WhiteElo "2131"]
[BlackElo "1904"]
[PlyCount "72"]
[EventDate "2025.04.12"]
[EventType "swiss"]
[EventCountry "AUT"]
[SourceTitle "playchess.com"]
[Source "ChessBase"]
[SourceQuality "1"]
[TimeControl "5400+30"]

1. e4 c5 2. Nf3 e6 3. d4 cxd4 4. Nxd4 a6 5. c4 Nf6 6. Nc3 Qc7 7. a3 d6 8. Be3 Be7 9. f4 Nbd7 10. Bd3 b6 11. Rc1 Bb7 12. b4 Rc8 13. O-O O-O 14. g4 Nb8 15. g5 Nfd7 16. Qh5 Rfe8 17. Rf3 Nc6 18. Nxc6 Qxc6 19. Nd5 Nf8 20. Nxb6 Rb8 21. b5 Qc7 22. f5 exf5 23. Nd5 Qa5 24. exf5 Bxd5 25. cxd5 Qxa3 26. Rd1 Qa4 27. Rdf1 f6 28. g6 axb5 29. gxh7+ Nxh7 30. Rh3 Ng5 31. Bxg5 fxg5 32. f6 Qd4+ 33. Kh1 Qxd5+ 34. Kg1 Qd4+ 35. Kg2 Qd5+ 36. Kg1 Qd4+ 1/2-1/2

[Event "AUT-ch U16-Open 2025"]
[Site "Fuerstenfeld"]
[Date "2025.04.15"]
[Round "4.3"]
[White "Nicolussi, Hieronymus"]
[Black "Pausweg, Daniel"]
[Result "0-1"]
[Annotator "NA"]
[ECO "B12"]
[WhiteElo "1999"]
[BlackElo "2080"]
[PlyCount "64"]
[EventDate "2025.04.12"]
[EventType "swiss"]
[EventCountry "AUT"]
[SourceTitle "playchess.com"]
[Source "ChessBase"]
[SourceQuality "1"]
[TimeControl "5400+30"]

1. e4 c6 2. d4 d5 3. e5 Bf5 4. Be3 e6 5. Nd2 Nd7 6. Ngf3 h6 7. Be2 c5 8. c4 dxc4 9. Nxc4 b5 10. Nd6+ Bxd6 11. exd6 c4 12. d5 e5 13. a4 a6 14. Bd2 Nc5 15. axb5 axb5 16. Rxa8 Qxa8 17. Bb4 Nd3+ 18. Bxd3 cxd3 19. Nxe5 Qxd5 20. O-O Nf6 21. Re1 O-O 22. Re3 Re8 23. Nf3 Rxe3 24. fxe3 Ng4 25. Qd2 Be4 26. Ne1 Ne5 27. Qc3 Nc6 28. Nf3 Bxf3 29. gxf3 Nxb4 30. Qc8+ Kh7 31. d7 d2 32. d8=Q d1=Q+ 0-1

[Event "AUT-ch U16-Open 2025"]
[Site "Fuerstenfeld"]
[Date "2025.04.15"]
[Round "4.4"]
[White "Ortner, Sebastian"]
[Black "Wu, Chenshan"]
[Result "1-0"]
[Annotator "NA"]
[ECO "D95"]
[WhiteElo "1925"]
[BlackElo "2011"]
[PlyCount "69"]
[EventDate "2025.04.12"]
[EventType "swiss"]
[EventCountry "AUT"]
[SourceTitle "playchess.com"]
[Source "ChessBase"]
[SourceQuality "1"]
[TimeControl "5400+30"]

1. d4 Nf6 2. c4 g6 3. Nc3 d5 4. Nf3 Bg7 5. e3 O-O 6. Qb3 dxc4 7. Bxc4 e6 8. O-O c6 9. a4 a5 10. e4 Na6 11. Qc2 Nb4 12. Qe2 Qc7 13. Rd1 Re8 14. h3 b6 15. Be3 Ba6 16. Rac1 Bxc4 17. Qxc4 Qb7 18. Qe2 Rac8 19. e5 Nfd5 20. Ne4 Bf8 21. Bg5 Na6 22. Nh2 h6 23. Bf6 c5 24. Qd2 h5 25. g4 h4 26. Qg5 Be7 27. Qxh4 Bxf6 28. exf6 Nxf6 29. Nxf6+ Kg7 30. Nxe8+ Rxe8 31. dxc5 Nxc5 32. Rd8 Rxd8 33. Qxd8 Qe4 34. Rd1 Qe2 35. Qd2 1-0

[Event "AUT-ch U16-Open 2025"]
[Site "Fuerstenfeld"]
[Date "2025.04.15"]
[Round "4.5"]
[White "Reichhuetter, Richard"]
[Black "Haselsberger, Armin"]
[Result "1-0"]
[Annotator "NA"]
[ECO "D36"]
[WhiteElo "1916"]
[BlackElo "2004"]
[PlyCount "81"]
[EventDate "2025.04.12"]
[EventType "swiss"]
[EventCountry "AUT"]
[SourceTitle "playchess.com"]
[Source "ChessBase"]
[SourceQuality "1"]
[TimeControl "5400+30"]

1. d4 Nf6 2. c4 e6 3. Nc3 d5 4. cxd5 exd5 5. Bg5 Be7 6. e3 O-O 7. Qc2 c6 8. Bd3 h6 9. Bh4 Re8 10. Nf3 Nbd7 11. O-O Ne4 12. Bxe7 Qxe7 13. b4 Ndf6 14. b5 c5 15. dxc5 Nxc5 16. Be2 Be6 17. Rac1 Rac8 18. Nd4 Red8 19. Rfd1 Qc7 20. Na4 Nfd7 21. Nxc5 Qxc5 22. Qb2 Qe7 23. Bf3 Nb6 24. h3 Rc4 25. Be2 Rcc8 26. Bf3 Qg5 27. Rxc8 Rxc8 28. Nxe6 fxe6 29. Bg4 Kf7 30. Qa3 Ra8 31. Qd6 Qe7 32. Qf4+ Kg8 33. Qe5 Re8 34. Rc1 Nc4 35. Qd4 Qa3 36. Rc2 Qa5 37. Bxe6+ Rxe6 38. Qxd5 Kf7 39. Rxc4 Qe1+ 40. Kh2 Qxf2 41. Rf4+ 1-0

[Event "AUT-ch U16-Open 2025"]
[Site "Fuerstenfeld"]
[Date "2025.04.15"]
[Round "4.6"]
[White "Gruenwald, Beat"]
[Black "Martinovic, David"]
[Result "0-1"]
[Annotator "NA"]
[ECO "C82"]
[WhiteElo "1727"]
[BlackElo "1968"]
[PlyCount "186"]
[EventDate "2025.04.12"]
[EventType "swiss"]
[EventCountry "AUT"]
[SourceTitle "playchess.com"]
[Source "ChessBase"]
[SourceQuality "1"]
[TimeControl "5400+30"]

1. e4 e5 2. Nf3 Nc6 3. Bb5 a6 4. Ba4 Nf6 5. O-O Nxe4 6. d4 b5 7. Bb3 d5 8. dxe5 Be6 9. c3 Bc5 10. Nbd2 O-O 11. Nxe4 dxe4 12. Ng5 Bxb3 13. Qxb3 e3 14. Ne6 exf2+ 15. Kh1 fxe6 16. Qxe6+ Kh8 17. Qxc6 Qe7 18. b4 Bb6 19. Qe4 Rae8 20. Bf4 Qh4 21. g3 Qg4 22. Kg2 g5 23. h3 Qf5 24. Qxf5 Rxf5 25. Bd2 Rexe5 26. c4 Bd4 27. Rac1 Re2 28. Bc3 Bxc3 29. Rxc3 c6 30. cxb5 cxb5 31. Rc8+ Kg7 32. Rc7+ Kf6 33. Rc6+ Re6 34. Rc2 Re3 35. Rfxf2 Rxf2+ 36. Kxf2 Ra3 37. Rc6+ Ke5 38. Rc5+ Ke4 39. Rxg5 Rxa2+ 40. Kg1 Kf3 41. Rg7 Rb2 42. Rxh7 Kxg3 43. Kf1 Rxb4 44. Ke2 a5 45. Kd3 a4 46. Kc3 Rc4+ 47. Kb2 Rh4 48. Rg7+ Kxh3 49. Rg5 Rb4+ 50. Ka3 Rb3+ 51. Ka2 Kh4 52. Rg8 Rg3 53. Rb8 Rg5 54. Ka3 Kg4 55. Kb4 Kf4 56. Rh8 Rd5 57. Rh4+ Ke5 58. Rh5+ Kd6 59. Rh6+ Kc7 60. Rg6 Rd6 61. Rg5 Rb6 62. Rg7+ Kc6 63. Rh7 Rb7 64. Rh5 Kc7 65. Rh6 Rb6 66. Rh7+ Kb8 67. Rh8+ Ka7 68. Rh7+ Ka6 69. Rh8 Rc6 70. Ra8+ Kb7 71. Rh8 Rb6 72. Rh7+ Ka8 73. Rh8+ Ka7 74. Rh7+ Rb7 75. Rh6 Kb8 76. Rh8+ Kc7 77. Rh7+ Kc6 78. Rh6+ Kd5 79. Rh5+ Ke4 80. Rh4+ Kf3 81. Rh3+ Kg4 82. Rd3 Kf4 83. Rh3 Kf5 84. Rh5+ Kg4 85. Rd5 Kf4 86. Rh5 Ra7 87. Kxb5 a3 88. Rh1 Ke3 89. Kb4 a2 90. Ra1 Kd3 91. Kb3 Rb7+ 92. Ka4 Kc3 93. Ka5 Kb2 0-1

[Event "AUT-ch U16-Open 2025"]
[Site "Fuerstenfeld"]
[Date "2025.04.15"]
[Round "4.7"]
[White "Chen, Chicheng Leon"]
[Black "Rella, Mario"]
[Result "1-0"]
[Annotator "RC"]
[ECO "B23"]
[WhiteElo "2021"]
[BlackElo "1677"]
[PlyCount "53"]
[EventDate "2025.04.12"]
[EventType "swiss"]
[EventCountry "AUT"]
[SourceTitle "playchess.com"]
[Source "ChessBase"]
[SourceQuality "1"]
[TimeControl "5400+30"]

1. e4 c5 2. Nc3 d6 3. d4 cxd4 4. Qxd4 Nc6 5. Qd2 Nf6 6. b3 g6 7. Bb2 Bg7 8. O-O-O O-O 9. f3 Be6 10. Kb1 a6 11. g4 b5 12. h4 b4 13. Na4 a5 14. h5 Nxe4 15. fxe4 Bxb2 16. Kxb2 Bxg4 17. Be2 Bxe2 18. Nxe2 Ne5 19. Qh6 Ng4 20. Qf4 Ne5 21. Rdg1 f6 22. hxg6 Nxg6 23. Qh6 Kf7 24. Qxh7+ Ke8 25. Qxg6+ Kd7 26. Qf5+ Kc7 27. Nd4 1-0

[Event "AUT-ch U16-Open 2025"]
[Site "Fuerstenfeld"]
[Date "2025.04.15"]
[Round "4.8"]
[White "Fuertler, Oliver"]
[Black "Guba, Viktor"]
[Result "0-1"]
[Annotator "NA"]
[ECO "A45"]
[WhiteElo "2008"]
[BlackElo "1931"]
[PlyCount "100"]
[EventDate "2025.04.12"]
[EventType "swiss"]
[EventCountry "AUT"]
[SourceTitle "playchess.com"]
[Source "ChessBase"]
[SourceQuality "1"]
[TimeControl "5400+30"]

1. d4 Nf6 2. Bg5 e6 3. e4 Be7 4. e5 Nd5 5. Bxe7 Nxe7 6. Qg4 g6 7. Nd2 d5 8. c4 Nbc6 9. O-O-O Nf5 10. Ngf3 Bd7 11. Qf4 Ncxd4 12. g4 Nxf3 13. Nxf3 Nh4 14. cxd5 exd5 15. Ng5 Qe7 16. Rxd5 O-O-O 17. Bh3 Be6 18. Rxd8+ Rxd8 19. Kb1 Qd7 20. Nxe6 Qd3+ 21. Kc1 fxe6 22. Qe3 Qc4+ 23. Kb1 Rd3 24. Qh6 Qe4 25. Rc1 Rxh3+ 26. Ka1 Qf3 27. Qxh7 c6 28. Qg8+ Kc7 29. Qxe6 Qf8 30. Rd1 Rxh2 31. Qd7+ Kb6 32. a4 Qb4 33. Qd8+ Ka6 34. Qd3+ Ka5 35. Qd8+ b6 36. Qd7 Qxa4+ 37. Kb1 Qe4+ 38. Ka2 Rxf2 39. Rd4 Qc2 40. Qxa7+ Kb5 41. Qa3 c5 42. Rd6 Qc4+ 43. Qb3+ Qxb3+ 44. Kxb3 Re2 45. e6 g5 46. Rd5 Nf3 47. Kc3 Rxe6 48. Rd3 Nd4 49. b4 Re4 50. bxc5 bxc5 0-1